 Dungeon Crawl Stone Soup version 0.26-a0-52-gd53d4cd058 (webtiles) character file.

Game seed: 6066467945137932782

18890 Baz the Carver (level 12, -1/103 HPs)
             Began as a Demigod Artificer on June 5, 2020.
             Slain by a 20-headed hydra (5 damage)
             ... on level 2 of the Lair of Beasts.
             The game lasted 00:34:22 (21319 turns).

Baz the Carver (Demigod Artificer)                 Turns: 21319, Time: 00:34:23

Health: -1/103     AC: 10    Str: 21    XL:     12   Next: 5%
Magic:  31/31      EV: 11    Int: 15    God:
Gold:   832        SH:  5    Dex: 18    Spells: 8/11 levels left

rFire    + . .     SeeInvis .   b - +0 long sword (distort)
rCold    . . .     Gourm    .   (no shield)
rNeg     . . .     Faith    .   a - +0 scale mail {rF+}
rPois    +         Spirit   .   (no helmet)
rElec    .         Reflect  +   h - +0 cloak
rCorr    .         Harm     .   (no gloves)
MR       +....                  (no boots)
Stlth    ..........             v - amulet of reflection
HPRegen  0.27/turn              o - ring of flight
MPRegen  0.22/turn              w - ring of magical power

@: no status effects
A: blurry vision 1, high mp 1, poison resistance, shaggy fur 1
a: Evoke Flight


You were on level 2 of the Lair of Beasts.
You were hungry.

You visited 2 branches of the dungeon, and saw 13 of its levels.

You collected 994 gold pieces.
You spent 162 gold pieces at shops.

Inventory:

Hand Weapons
 b - a +0 long sword of distortion (weapon)
 t - a +5 vorpal long sword
 S - a +0 long sword of distortion
Missiles
 i - 76 poisoned darts (quivered)
 p - 4 throwing nets
 r - 4 atropa-tipped darts
Armour
 a - a +0 scale mail of fire resistance (worn)
 h - a +0 cloak (worn)
Jewellery
 o - a ring of flight (left hand)
 v - an amulet of reflection (around neck)
 w - a ring of magical power (right hand)
 J - an uncursed ring of ice
Wands
 c - a wand of flame (5)
 d - a wand of enslavement (31)
 e - a wand of random effects (11)
 q - a wand of digging (3)
 x - a wand of acid (9)
 A - a wand of paralysis (5)
 O - a wand of iceblast (12)
Scrolls
 j - 12 scrolls of teleportation
 l - 6 scrolls of amnesia
 m - a scroll of magic mapping {unknown}
 n - 2 scrolls of identify
 s - a scroll of enchant armour
 u - 5 scrolls of remove curse
 y - a scroll of immolation
 B - a scroll of enchant weapon
 E - a scroll of summoning {unknown}
 G - 2 scrolls of fear
 H - a scroll of blinking {unknown}
 K - a scroll of vulnerability {unknown}
 L - a scroll of silence {unknown}
 N - a scroll of brand weapon {unknown}
 Q - 2 scrolls of fog {unknown}
Potions
 g - 2 potions of brilliance
 k - 2 potions of stabbing
 z - a potion of berserk rage
 C - 4 potions of flight
 D - 2 potions of invisibility {unknown}
 F - 3 potions of mutation
 I - a potion of degeneration
 M - 2 potions of lignification
 P - a potion of curing
 R - 2 potions of might
Comestibles
 f - 31 rations


   Skills:
 + Level 8.7 Fighting
   Level 3.3(7.7) Short Blades
 * Level 10.8(11.0) Long Blades
 + Level 8.7 Armour
 - Level 2.4 Dodging
 - Level 0.8 Stealth
 + Level 9.2 Evocations


You had 8 spell levels left.
You knew the following spells:

 Your Spells              Type           Power        Failure   Level  Hunger
a - Confusing Touch       Hex            #.......     88%         3    ####...

Your spell library contained the following spells:

 Spells                   Type           Power        Failure   Level  Hunger
 Magic Dart               Conj           #...         54%         1    ##.....
 Sting                    Tmut/Pois      #...         54%         1    ##.....
 Poisonous Vapours        Pois/Air       #.....       67%         2    ###....
 Searing Ray              Conj           #.....       67%         2    ###....
 Dazzling Flash           Conj/Hex       #.....       88%         3    ####...
 Gell's Gravitas          Tloc           #.........   88%         3    ####...
 Ignite Poison            Fire/Tmut/Pois #.......     88%         3    ####...
 Mephitic Cloud           Conj/Pois/Air  #.......     88%         3    ####...
 Cause Fear               Hex            #.........   99%         4    #####..
 Fulminant Prism          Conj/Hex       #.........   99%         4    #####..
 Iskenderun's Mystic Bla  Conj/Tloc      #.......     99%         4    #####..
 Olgreb's Toxic Radiance  Pois           #.......     99%         4    #####..
 Petrify                  Tmut/Erth      #.......     99%         4    #####..
 Metabolic Englaciation   Hex/Ice        #.........   100%        5    ######.
 Silence                  Hex/Air        #.........   100%        5    ######.
 Yara's Violent Unravell  Hex/Tmut       #.........   100%        5    ######.
 Discord                  Hex            #.........   100%        8    #######


Dungeon Overview and Level Annotations

Branches:
Dungeon (11/15)            Temple (0/1) D:4            Lair (2/6) D:11
  Swamp: Lair:2-4    Shoals: Lair:2-4     Snake: Lair:2-4    Spider: Lair:2-4
    Orc: D:9-12

Shops:
D:4 (   D:7 %

Annotations:
D:8 1 runed translucent door, ohados's ghost, novice OgHu


Innate Abilities, Weirdness & Mutations

You have an increased reservoir of magic. (+10% MP)
Scrolls take you a little longer to read.
Your system is resistant to poisons. (rPois)
You are covered in fur. (AC +1)


Message History

The 19-headed hydra bites you!
The 19-headed hydra bites you but does no damage.
The 19-headed hydra bites you. The 19-headed hydra barely misses you.
The 19-headed hydra bites you but does no damage.
You chop one of the 19-headed hydra's heads off!
The 18-headed hydra grows two more!
You hit the 20-headed hydra.
Space warps horribly around the 20-headed hydra!
The 20-headed hydra is severely wounded.
The 20-headed hydra barely misses you.
The 20-headed hydra completely misses you.
You block the 20-headed hydra's attack.
The 20-headed hydra bites you but does no damage.
The 20-headed hydra barely misses you. The 20-headed hydra bites you!
* * * LOW HITPOINT WARNING * * *
The 20-headed hydra barely misses you. The 20-headed hydra bites you!
* * * LOW HITPOINT WARNING * * *
The 20-headed hydra closely misses you. x2; The 20-headed hydra bites you!
* * * LOW HITPOINT WARNING * * *
The 20-headed hydra barely misses you. The 20-headed hydra bites you.
You die...

#.....PP.P.........#
###...####.###..#..#
#...###..###..#...
###..###.....#..P...
###.P..##..##..#....<.
...........###........
#.P#....#P.#P..P...#..
##.##.P.##......#P.###.
#..#..@D###.#.#....# ..
#..##..# ##...........
#..###.####..#........
#..# #................
#..# #.............#.P
#.####.......#..#.#...
#.# #....#.#......#...
#.####..###(..#.#.....
#.#.#...###P..##......


You could see a 20-headed hydra.

Vanquished Creatures
  Josephine (D:10)
  4 two-headed ogres
  3 death yaks (D:10)
  A fire crab (D:9)
  An ugly thing (D:11)
  A black mamba (Lair:2)
  A cyclops (D:9)
  Maurice (D:8)
  3 spiny frogs
  A komodo dragon (Lair:1)
  2 trolls
  5 blink frogs (Lair:1)
  2 hippogriffs
  A wyvern (Lair:2)
  A basilisk (Lair:2)
  4 wraiths (D:10)
  9 yaks
  5 water moccasins
  Purgy (D:4)
  4 orc warriors
  3 porcupines
  6 ice beasts
  A black bear (D:8)
  A hornet zombie (D:8)
  3 ogres
  A phantom (D:9)
  5 centaurs
  3 crocodiles
  13 bullfrogs
  A gnoll sergeant (D:8)
  A wyvern skeleton (D:8)
  2 scorpions
  5 killer bees
  3 howler monkeys
  A wight (D:10)
  A bullfrog zombie (D:5)
  2 crimson imps
  4 jellies (D:10)
  8 hounds
  14 orc wizards
  Crazy Yiuf (D:4)
  6 orc priests
  2 bullfrog skeletons (D:5)
  A gnoll shaman (D:8)
  2 centaur skeletons
  4 iguanas
  11 worker ants
  A hound zombie (D:10)
  2 hound skeletons
  7 gnolls
  13 adders
  A howler monkey skeleton (D:7)
  A river rat (D:11)
  4 shadow imps
  2 oozes
  An adder skeleton (D:5)
  5 worms
  4 dart slugs
  4 leopard geckos
  54 orcs
  7 bats
  3 giant cockroaches (D:2)
  4 goblins
  15 hobgoblins
  8 jackals
  4 quokkas
  3 ball pythons
  5 frilled lizards
  A jackal skeleton (D:5)
  10 kobolds
  A quokka skeleton (D:3)
  8 rats
324 creatures vanquished.

Vanquished Creatures (collateral kills)
  A giant cockroach (D:2)
1 creature vanquished.

Vanquished Creatures (others)
  A blink frog (Lair:1)
  An ogre (D:2)
  A gnoll (D:8)
  An orc (D:4)
4 creatures vanquished.

Grand Total: 329 creatures vanquished

Notes
Turn   | Place    | Note
-------+----------+-------------------------------------------
     0 | D:1      | Baz the Demigod Artificer began the quest for the Orb.
     0 | D:1      | Reached XP level 1. HP: 15/15 MP: 5/5
    65 | D:1      | Reached skill level 1 in Fighting
    65 | D:1      | Reached skill level 1 in Short Blades
   740 | D:1      | Reached XP level 2. HP: 17/23 MP: 6/6
  1952 | D:2      | Noticed an ogre
  1994 | D:2      | Reached skill level 1 in Armour
  1994 | D:2      | Reached XP level 3. HP: 16/29 MP: 7/7
  2223 | D:2      | Found a shimmering blue altar of Sif Muna.
  2225 | D:2      | Found a snail-covered altar of Cheibriados.
  2227 | D:2      | Found a burning altar of Makhleb.
  2287 | D:2      | Reached XP level 4. HP: 36/36 MP: 9/9
  2333 | D:2      | Found an opulent altar of Gozag.
  2528 | D:2      | Found a white marble altar of Elyvilon.
  2851 | D:2      | Found a shattered altar of Ashenzari.
  3496 | D:3      | Reached XP level 5. HP: 39/41 MP: 10/10
  5145 | D:4      | Found a staircase to the Ecumenical Temple.
  5323 | D:4      | Reached XP level 6. HP: 40/50 MP: 11/11
  5570 | D:4      | Noticed Purgy
  5601 | D:4      | Killed Purgy
  5790 | D:4      | Found a stormy altar of Qazlal.
  5850 | D:4      | Found Irafoask's Antique Weapon Shop.
  5893 | D:4      | Bought a runed long sword for 162 gold pieces
  6067 | D:4      | Reached XP level 7. HP: 57/57 MP: 13/13
  6088 | D:4      | Found a runed translucent door.
  6089 | D:4      | Noticed Crazy Yiuf
  6267 | D:4      | Killed Crazy Yiuf
  6313 | D:5      | Entered Level 5 of the Dungeon
  6405 | D:5      | Reached skill level 1 in Long Blades
  7169 | D:5      | Reached skill level 2 in Long Blades
  7549 | D:5      | Reached skill level 5 in Evocations
  7804 | D:5      | Found an iron altar of Okawaru.
  8122 | D:6      | Reached XP level 8. HP: 57/66 MP: 15/15
  8919 | D:7      | Reached skill level 3 in Long Blades
  9345 | D:5      | Gained mutation: Scrolls take you a little longer to read.
                  | [potion of mutation]
  9345 | D:5      | Gained mutation: You are covered in fur. (AC +1) [potion of
                  | mutation]
  9345 | D:5      | Gained mutation: Your system is resistant to poisons.
                  | (rPois) [potion of mutation]
 10036 | D:7      | Reached skill level 4 in Long Blades
 10414 | D:7      | Found Ozudan's Food Shop.
 10442 | D:7      | Found a bloodstained altar of Trog.
 10460 | D:7      | Reached skill level 5 in Fighting
 10540 | D:6      | Reached skill level 5 in Armour
 11122 | D:8      | Noticed a two-headed ogre
 11133 | D:8      | Killed a two-headed ogre
 11133 | D:8      | Reached skill level 5 in Long Blades
 11133 | D:8      | Reached XP level 9. HP: 74/74 MP: 17/17
 11163 | D:8      | Noticed Maurice
 11259 | D:8      | Killed Maurice
 11259 | D:8      | Reached skill level 6 in Long Blades
 11859 | D:8      | Found a shimmering altar of Xom.
 12191 | D:8      | Found a runed translucent door.
 12191 | D:8      | Noticed a fire giant
 12191 | D:8      | Noticed ohados's ghost (novice OgHu)
 12492 | D:9      | Learned a level 3 spell: Confusing Touch
 12530 | D:9      | Found a hazy altar of Hepliaklqana.
 12530 | D:9      | Found an ornate altar of the Wu Jian Council.
 12530 | D:9      | Noticed a cyclops
 12690 | D:9      | Noticed a guardian serpent
 12694 | D:9      | Noticed a fire crab
 12694 | D:9      | a guardian serpent changed into a fire crab
 12709 | D:9      | Killed a fire crab
 12709 | D:9      | Reached skill level 7 in Long Blades
 12709 | D:9      | Reached XP level 10. HP: 60/84 MP: 18/18
 12944 | D:9      | Killed a cyclops
 12981 | D:9      | Found a bloodstained altar of Trog.
 13014 | D:9      | Found a radiant altar of Vehumet.
 13573 | D:9      | Noticed a two-headed ogre
 13579 | D:9      | Killed a two-headed ogre
 13579 | D:9      | Reached skill level 8 in Long Blades
 13693 | D:9      | Found a glowing golden altar of the Shining One.
 13936 | D:10     | Entered Level 10 of the Dungeon
 14439 | D:10     | Noticed Josephine
 14470 | D:10     | Killed Josephine
 15532 | D:11     | Noticed a two-headed ogre
 15537 | D:11     | Noticed a purple ugly thing
 16102 | D:11     | Noticed a death yak
 16102 | D:11     | Noticed a death yak
 16119 | D:10     | Killed a death yak
 16119 | D:10     | Reached skill level 9 in Long Blades
 16119 | D:10     | Reached XP level 11. HP: 36/92 MP: 20/20
 16500 | D:11     | HP: 1/92 [two-headed ogre/+0 giant club (19)]
 16501 | D:11     | Killed a two-headed ogre
 16905 | D:11     | Found a staircase to the Lair.
 16938 | D:11     | Noticed a death yak
 17031 | D:10     | Killed a death yak
 17503 | D:10     | Killed a death yak
 17774 | D:11     | Noticed a two-headed ogre
 18546 | D:11     | Killed a two-headed ogre
 18546 | D:11     | Reached skill level 10 in Long Blades
 18694 | Lair:1   | Entered Level 1 of the Lair of Beasts
 20811 | Lair:2   | Reached XP level 12. HP: 90/103 MP: 22/22
 20916 | Lair:2   | Found a snail-covered altar of Cheibriados.
 21293 | Lair:2   | Noticed an eight-headed hydra
 21319 | Lair:2   | HP: 4/103 [20-headed hydra (11)]
 21319 | Lair:2   | Slain by a 20-headed hydra

Illustrated notes

Levels and vault maps discovered:
D:1:      minmay_arrival_split_and_join, layout_basic, serial_corexii_hall,
          corexii_hall_statues_l, corexii_hall_statues_i,
          hangedman_feature_mirror, fountainhead, minmay_box_of_dots
D:2:      layout_basic, nicolae_gozag_cash_rules_everything_around_me,
          elyvilon_altar_5, grunt_temple_overflow_open,
          nicolae_overflow_hidden_temple, first_ration, minmay_circle_x
D:3:      minmay_inner_zag, layout_loops_ring, minmay_splitting_lines,
          minmay_starry_boxes
D:4:      layout_loops_ring, nicolae_qazlal_general_emergency, temple_fountains,
          serial_shops, kennysheep_little_box, uniq_crazy_yiuf_cottage,
          uniq_purgy
D:5:      layout_layer_cave, okawaru_trees_1
D:6:      layout_basic, supply_closet_lemuel, minmay_hedge_maze
D:7:      layout_rooms, serial_shops, shop, basic_altar, grunt_ogre_cave
D:8:      layout_basic, basic_altar, ebering_ghost_inner_flame, uniq_maurice
D:9:      layout_rooms, marbit_many_paths, nicolae_overflow_crystal_walls,
          gammafunk_temple_overflow_claw, nrook_guardian_serpent_double
D:10:     layout_irregular_city, minivault_11, uniq_josephine
D:11:     layout_long_grid, dpeg_lair_monsters, erik_orc_1,
          statue_in_the_mist_lemuel
Lair:1:   layout_misc_corridors
Lair:2:   layout_loops_ring, basic_altar, grunt_forest_stairs_basic

Skill      XL: |  1  2  3  4  5  6  7  8  9 10 11 |
---------------+----------------------------------+-----
Fighting       | 1 2 3 4 5 6 7 8 |  8.7
Short Blades   | 1 2 3 |  3.3
Dodging        | 2 |  2.4
Armour         | 1 2 3 4 5 6 7 8 |  8.7
Evocations     | 3 4 5 6 7 8 9 |  9.2
Long Blades    | 2 5 7 9 10 | 10.8
Stealth        | |  0.8

Action                   |  1- 3 |  4- 6 |  7- 9 | 10-12 || total
-------------------------+-------+-------+-------+-------++-------
Melee: Short sword       |   102 |    80 |       |       ||   182
       Rapier            |       |   172 |       |       ||   172
       Long sword        |       |     9 |   318 |   503 ||   830
Throw: Dart              |     3 |     6 |    11 |       ||    20
Evoke: Wand              |     3 |     7 |     8 |    16 ||    34
  Use: Scroll            |       |       |    12 |     4 ||    16
       Potion            |       |       |     7 |     1 ||     8
 Stab: Sleeping          |     3 |     5 |     1 |       ||     9
       Paralysed         |       |       |    16 |    19 ||    35
  Eat: Ration            |     1 |       |     1 |     2 ||     4
       Chunk             |     1 |    12 |    18 |    20 ||    51
Armor: Leather armour    |    24 |    50 |     4 |       ||    78
       Ring mail         |       |       |    62 |       ||    62
       Scale mail        |       |       |    29 |   164 ||   193
Dodge: Dodged            |    63 |   171 |   173 |   237 ||   644
Block: Other             |       |       |    24 |    94 ||   118
       Reflection        |       |       |     1 |     2 ||     3
       Rpst.: Long sword |       |     2 |    49 |    63 ||   114

Table legend:
 A = Non-vault XP
 B = Vault XP
 C = Vault XP percentage of total XP
 D = Non-vault monster count
 E = Vault monster count
 F = Vault count percentage of total count
                 A         B        C        D         E       F
            +---------+---------+-------+---------+---------+-------
      Total |   20002 |    6985 |  25.9 |     294 |      33 |  10.1
            +---------+---------+-------+---------+---------+-------
        D:1 |      18 |       5 |  21.7 |      10 |       5 |  33.3
        D:2 |     135 |      10 |   6.9 |      25 |       5 |  16.7
        D:3 |     239 |      38 |  13.7 |      32 |       8 |  20.0
        D:4 |     316 |     183 |  36.7 |      14 |       2 |  12.5
        D:5 |     610 |       0 |   0.0 |      31 |       0 |   0.0
        D:6 |     327 |       0 |   0.0 |      16 |       0 |   0.0
        D:7 |     996 |     113 |  10.2 |      28 |       1 |   3.4
        D:8 |    2194 |     472 |  17.7 |      24 |       1 |   4.0
        D:9 |    2069 |    1657 |  44.5 |      38 |       2 |   5.0
       D:10 |    2774 |    4494 |  61.8 |      33 |       8 |  19.5
       D:11 |    3509 |      13 |   0.4 |      11 |       1 |   8.3
     Lair:1 |    3928 |       0 |   0.0 |      18 |       0 |   0.0
     Lair:2 |    2887 |       0 |   0.0 |      14 |       0 |   0.0
            +---------+---------+-------+---------+---------+-------
